 Dungeon Crawl Stone Soup version 0.28-a0-834-g1a73be5ee4 (webtiles) character file.

Game seed: 6679388266725551698

1911 ryw the Grappler (level 8, 0/74 HPs)
             Began as a Troll Monk on Nov 11, 2021.
             Was an Elder of Okawaru.
             Shot with an arrow by a centaur warrior (25 damage)
             ... on level 8 of the Dungeon.
             The game lasted 00:09:02 (5854 turns).

ryw the Grappler (Troll Monk)                       Turns: 5854, Time: 00:09:03

Health: 0/74       AC:  5    Str: 20    XL:     8   Next: 95%
Magic:  7/7        EV: 14    Int:  6    God:    Okawaru [****..]
Gold:   518        SH:  0    Dex: 14    Spells: 7/7 levels left

rFire   . . .      SeeInvis .   a - +10 hunting sling of Sin {venom, rElec Will++}
rCold   . . .      Faith    +   (no shield)
rNeg    . . .      Spirit   .   t - +1 robe
rPois   .          Reflect  .   (helmet restricted)
rElec   +          Harm     .   (no cloak)
rCorr   .          Rampage  .   (gloves unavailable)
Will    +++..                   (boots unavailable)
Stlth   ++........              o - amulet of faith
HPRegen 1.22/turn               s - +4 ring of evasion
MPRegen 0.10/turn               v - ring of willpower

@: no status effects
A: large, unfitting armour, claws 3, regeneration 1, shaggy fur 1, tough skin 1
a: Renounce Religion, Heroism, Finesse


You were on level 8 of the Dungeon.
You worshipped Okawaru.
Okawaru was greatly pleased with you.
You visited 1 branch of the dungeon, and saw 8 of its levels.

You collected 518 gold pieces.

Inventory:

Hand Weapons
 a - the +10 hunting sling of Sin (weapon) {venom, rElec Will++}
   (You found it on level 4 of the Dungeon)

   Any ammunition fired from it poisons the flesh of those it strikes.
   rElec:     It insulates you from electricity.
   Will:      It greatly increases your willpower.
Missiles
 n - a throwing net
 p - 7 boomerangs
 u - 52 sling bullets (quivered ammo)
Armour
 t - a +1 robe (worn)
Jewellery
 o - an amulet of faith (around neck)
 s - a +4 ring of evasion (left claw)
 v - a ring of willpower (right claw)
 B - a +6 ring of dexterity
Wands
 j - a wand of flame (30)
 q - a wand of iceblast (12)
Scrolls
 e - 5 scrolls of identify
 f - 2 scrolls of acquirement {unknown}
 h - 2 scrolls of blinking {unknown}
 i - a scroll of immolation {unknown}
 r - 2 scrolls of enchant weapon {unknown}
 w - 4 scrolls of teleportation {unknown}
 x - a scroll of amnesia {unknown}
 y - 4 scrolls of noise {unknown}
 A - a scroll of enchant armour
Potions
 b - 3 potions of might {unknown}
 c - 2 potions of berserk rage
 d - a potion of flight {unknown}
 g - a potion of curing {unknown}
 k - 2 potions of magic
 l - a potion of ambrosia {unknown}
 m - a potion of haste
 z - 2 potions of brilliance {unknown}


   Skills:
 - Level 2.4 Fighting
 + Level 3.8 Slings
 - Level 2.4 Dodging
 - Level 1.0 Stealth
 * Level 10.6 Unarmed Combat


You had 7 spell levels left.
You didn't know any spells.
Your spell library contained the following spells:

 Spells                   Type           Power      Damage    Failure   Level
 Slow                     Hex            0%         N/A       45%         1
 Confusing Touch          Hex            0%         N/A       83%         3
 Vampiric Draining        Necr           0%         2d6       83%         3


Dungeon Overview and Level Annotations

Branches:
Dungeon (8/15)             Temple (0/1) D:6
   Lair: D:8-11

Altars:
Dithmenos
Okawaru
Sif Muna
Vehumet
Zin


Innate Abilities, Weirdness & Mutations

You are too large for most types of armour.
You have claws for hands.
Your natural rate of healing is unusually fast.
You are covered in fur. (AC +1)
You have tough skin. (AC +1)


Message History

You can't go down here!
You enter the shallow water.
Moving in this stuff is going to be slow.
There is a stone staircase leading up here.
You climb upwards.
There is a stone staircase leading down here.
There is a stone staircase leading down here.
You climb downwards.
There is a stone staircase leading up here.
Unknown command.
Partly explored, can't reach some places.
Partly explored, can't reach some places.
Partly explored, can't reach some places.
There is a stone staircase leading down here.
You climb downwards.
There is a stone staircase leading up here.
A centaur warrior comes into view.
Found a potion of invisibility.
You shoot a sling bullet.
The sling bullet hits the centaur warrior!
The centaur warrior is poisoned.
The centaur warrior shouts!
The centaur warrior is lightly wounded.
You shoot a sling bullet.
The sling bullet hits the centaur warrior.
The centaur warrior looks as sick as possible!
The centaur warrior is moderately wounded.
The centaur warrior wields a +0 longbow.
The centaur warrior shoots an arrow.
The arrow misses you.
The centaur warrior shoots an arrow.
The arrow hits you!!
The centaur warrior shoots an arrow.
The arrow hits you!
There is a stone staircase leading up here.
You start resting.
The centaur warrior shoots an arrow.
The arrow barely misses you.
You shoot a sling bullet.
The sling bullet hits the centaur warrior!
The centaur warrior is heavily wounded.
The centaur warrior shoots an arrow.
The arrow hits you!!
The centaur warrior shoots an arrow.
The arrow hits you!!
You die...

# !. ... . #. ##.
... ..#.###.. ...
......... #.#
........# #.#
........# #.#
........######.#####
...........##.@....#
........##(c.......#
........#####......#
......... #......#
....#.... ########
...#..#...
.c...###.. ...## ...


You could see a centaur warrior (very poisoned).

Vanquished Creatures
  2 ice beasts
  A black bear (D:5)
  A sky beast (D:7)
  2 necrophages (D:5)
  2 centaurs
  An ogre (D:5)
  2 phantoms
  2 scorpions (D:6)
  A gnoll sergeant (D:6)
  2 electric eels (D:7)
  3 jellies
  A bullfrog zombie (D:4)
  2 orc priests (D:7)
  2 hounds (D:5)
  2 centaur skeletons
  2 iguanas (D:5)
  Jessica (D:2)
  Terence (D:2)
  Ijyb (D:4)
  A killer bee zombie (D:7)
  A hound skeleton (D:4)
  A howler monkey zombie (D:5)
  A howler monkey skeleton (D:5)
  5 adders
  9 gnolls
  3 shadow imps
  2 ufetubi
  An adder skeleton (D:4)
  2 worms
  3 dart slugs
  3 orcs
  5 ball pythons
  6 endoplasms
  6 giant cockroaches
  9 goblins
  6 hobgoblins
  4 kobolds
  8 bats
  A quokka skeleton (D:4)
  7 rats
115 creatures vanquished.

Notes
Turn   | Place    | Note
-------+----------+-------------------------------------------
     0 | D:1      | ryw the Troll Monk began the quest for the Orb.
     0 | D:1      | Reached XP level 1. HP: 22/22 MP: 0/0
    43 | D:1      | Reached XP level 2. HP: 29/29 MP: 1/1
    74 | D:1      | Reached skill level 4 in Unarmed Combat
   132 | D:1      | Reached XP level 3. HP: 36/36 MP: 2/2
   728 | D:2      | Noticed Terence
   739 | D:2      | Killed Terence
   740 | D:2      | Reached skill level 5 in Unarmed Combat
   740 | D:2      | Reached XP level 4. HP: 37/44 MP: 3/3
   911 | D:2      | Found a faded altar of an unknown god.
   965 | D:2      | Noticed Jessica
   973 | D:2      | Killed Jessica
  1871 | D:3      | Found a radiant altar of Vehumet.
  2348 | D:4      | Reached skill level 6 in Unarmed Combat
  2348 | D:4      | Reached XP level 5. HP: 44/50 MP: 4/4
  2452 | D:4      | Noticed Ijyb
  2465 | D:4      | Killed Ijyb
  2514 | D:4      | Identified the +10 hunting sling of Sin {venom, rElec
                  | Will++}
  2757 | D:4      | Reached XP level 6. HP: 59/59 MP: 5/5
  2827 | D:4      | Found an iron altar of Okawaru.
  2840 | D:4      | Became a worshipper of Warmaster Okawaru
  2840 | D:4      | Reached * piety under Okawaru
  2840 | D:4      | Reached ** piety under Okawaru
  3198 | D:5      | Entered Level 5 of the Dungeon
  3292 | D:5      | Found a glowing silver altar of Zin.
  3392 | D:5      | Reached skill level 1 in Slings
  3392 | D:5      | Reached skill level 7 in Unarmed Combat
  3477 | D:5      | Reached XP level 7. HP: 66/66 MP: 6/6
  3550 | D:5      | Reached *** piety under Okawaru
  3551 | D:5      | Reached skill level 8 in Unarmed Combat
  3966 | D:5      | Found a shadowy altar of Dithmenos.
  4332 | D:6      | Reached XP level 8. HP: 74/74 MP: 7/7
  4445 | D:6      | Reached **** piety under Okawaru
  4446 | D:6      | Reached skill level 9 in Unarmed Combat
  4482 | D:6      | You fall into a shaft and drop 1 floor!
  4619 | D:6      | Found a staircase to the Ecumenical Temple.
  4629 | D:6      | Identified the +5 ring mail "Duaf" {rF+}
  5290 | D:7      | Reached skill level 10 in Unarmed Combat
  5479 | D:7      | Found a shimmering blue altar of Sif Muna.
  5631 | D:7      | Received a gift from Okawaru
  5842 | D:8      | Noticed a centaur warrior
  5854 | D:8      | Shot with an arrow by a centaur warrior

Illustrated notes

Levels and vault maps discovered:
D:1:      lemuel_arrival_room, layout_basic
D:2:      layout_basic, ebering_ecumenical_altar_rust, uniq_jessica,
          uniq_terence
D:3:      wad_lake_hut, layout_basic, marbit_many_paths, kennysheep_small_spiral
D:4:      layout_loops_ring, okawaru_gym_becter, kennysheep_potato, uniq_ijyb
D:5:      layout_basic, mainiacjoe_overflow_alcove_1, zin_academy
D:6:      layout_basic, minmay_temple_entry_glassed_door
D:7:      statuecave_lemuel, layout_basic, mainiacjoe_overflow_catwalk,
          enter_bailey_5
D:8:      layout_rooms, kennysheep_path_1, minmay_misc_feat_columns,
          st_stairs_12, dk_noncrumbling_2, hangedman_abyss_or_decor_passed,
          minmay_hedge_maze, grunt_ministairs_5, uniq_harold, uniq_psyche

Skill      XL: |  1  2  3  4  5  6  7  8 |
---------------+-------------------------+-----
Unarmed Combat | 4 5 6 7 8 10 | 10.6
Slings         | 1 2 3 |  3.8
Fighting       | |  2.4
Dodging        | |  2.4
Stealth        | |  1.0

Action                   |  1- 3 |  4- 6 |  7- 9 || total
-------------------------+-------+-------+-------++-------
Melee: Unarmed           |    77 |   115 |   124 ||   316
       Punch             |     2 |     6 |     5 ||    13
 Fire: Hunting sling     |       |     1 |    21 ||    22
  Use: Scroll            |       |     8 |       ||     8
 Stab: Sleeping          |     1 |     2 |     1 ||     4
Armor: Robe              |    20 |    32 |    29 ||    81
Dodge: Dodged            |    36 |    49 |    77 ||   162

Table legend: (Time is in decaauts)
 A = Elapsed time spent in this place.
 B = Non-inter-level travel time spent in this place.
 C = Inter-level travel time spent in this place.
 D = Time resting spent in this place.
 E = Time spent auto-exploring this place.
 F = Levels seen in this place.
 G = Mean time per level.
                   A        B        C        D        E       F      G
               +--------+--------+--------+--------+--------+-----+--------+
         Total |   5863 |   5288 |    575 |     41 |   4323 |   8 |  732.9 |
       Dungeon |   5863 |   5288 |    575 |     41 |   4323 |   8 |  732.9 |
               +--------+--------+--------+--------+--------+-----+--------+

Top non-repeatable levels by time:
     D:2: 1131 daAuts
     D:5: 1102 daAuts
     D:6: 886 daAuts
     D:3: 864 daAuts
     D:4: 683 daAuts
     D:7: 629 daAuts
     D:1: 545 daAuts
     D:8: 19 daAuts
